 Dungeon Crawl Stone Soup version 0.29.1-1-gd02db6906a (webtiles) character file.

Game seed: 6010816404293937919

1605 Ashen the Chiller (level 8, -6/82 (90) HPs)
             Began as a Demonspawn Ice Elementalist on Oct 3, 2022.
             Mangled by a wight
             ... wielding a +0 flail
              (9 damage)
             ... on level 6 of the Dungeon.
             The game lasted 00:10:05 (6471 turns).

Ashen the Chiller (Demonspawn Ice Elementalist)     Turns: 6471, Time: 00:10:05

HP:   -6/82 (90)    AC: 24    Str: 10 (11) XL:     8   Next: 63%
MP:   16/16         EV:  2    Int: 25 (27) God:
Gold: 267           SH:  0    Dex: 10 (13) Spells: 11/18 levels left

rFire   x . .      SeeInvis .   B - +1 dagger (venom)
rCold   + . .      Faith    .   (no shield)
rNeg    . . .      Spirit   .   (body armour currently unavailable)
rPois   +          Reflect  .   (helmet currently unavailable)
rElec   .          Harm     .   (cloak currently unavailable)
rCorr   .          Rampage  .   (gloves unavailable)
Will    .....      NoTele   +   (boots currently unavailable)
Stlth   ++........              (no amulet)
HPRegen 0.23/turn               l - ring of ice
MPRegen 0.15/turn               y - +6 ring of intelligence

@: mighty, tree-form, drained, invisible
A: stationary, stasis, torment immunity, boosted hp, (claws 3), (molten scales
2), foul stench 1, clever 1, deterioration 1, strong 1
a: no special abilities


You were on level 6 of the Dungeon.
You were a tree.
You visited 1 branch of the dungeon, and saw 6 of its levels.

You collected 267 gold pieces.

Inventory:

Hand Weapons
 g - a +0 quarterstaff
 B - a +1 dagger of venom (weapon)
Missiles
 j - 2 throwing nets
 w - 7 poisoned darts (quivered)
Armour
 i - a scarf of invisibility (melded)
 s - a +0 robe of willpower (melded)
Jewellery
 l - a ring of ice (left branch)
 t - a ring of ice
 y - a +6 ring of intelligence (right branch)
 D - a ring of flight
Wands
 a - a wand of roots (11)
Scrolls
 c - 3 scrolls of immolation {unknown}
 d - 7 scrolls of identify {unknown}
 f - 2 scrolls of magic mapping {unknown}
 h - a scroll of vulnerability {unknown}
 k - 4 scrolls of teleportation {unknown}
 m - a scroll of amnesia {unknown}
 n - 3 scrolls of enchant armour {unknown}
 p - a scroll of blinking {unknown}
 r - a scroll of poison {unknown}
 v - a scroll of fear {unknown}
 A - a scroll of silence {unknown}
 C - a scroll of enchant weapon {unknown}
Potions
 b - a potion of magic
 o - a potion of mutation
 q - a potion of heal wounds {unknown}
 z - a potion of degeneration


   Skills:
 + Level 4.0 Fighting
 + Level 4.0 Dodging
 + Level 4.3 Stealth
 * Level 5.7 Spellcasting
 * Level 6.4 Ice Magic


You had 11 spell levels left.
You knew the following spells:

 Your Spells              Type           Power      Damage    Failure   Level
a - Freeze                Ice            100%       1d11      1%          1
b - Frozen Ramparts       Ice            100%       1d16      1%          3
c - Ozocubu's Armour      Ice            56%        N/A       1%          3

Your spell library contained the following spells:

 Spells                   Type           Power      Damage    Failure   Level
 Hailstorm                Conj/Ice       34%        3d9       21%         4


Dungeon Overview and Level Annotations

Branches:
Dungeon (6/15)
 Temple: D:4-7

Altars:
Ashenzari
Nemelex Xobeh

Shops:
D:1 *   D:5 (


Innate Abilities, Weirdness & Mutations

You are a tree.
Your roots penetrate the ground, keeping you stationary.
You cannot be teleported.
You are immune to unholy pain and torment.
Your maximum health is greatly increased.
Your equipment is partially melded.
((You have claws for hands.))
((You are mostly covered in molten scales. (AC +3)))
You may rarely emit foul miasma when damaged in melee.
Your mind is acute. (Int +4, Str/Dex -1)
Your body sometimes deteriorates upon taking damage.
Your muscles are strong. (Str +4, Int/Dex -1)


Message History

The wight is lightly damaged.
The wight barely misses you. The wight attacks as you move away!
The wight hits you with a +0 flail.
You feel drained. The wight attacks as you move away!
The wight barely misses you. The wight attacks as you move away!
The wight hits you with a +0 flail! 2 orcs come into view.
The wight attacks as you move away! The wight misses you.
An orc warrior comes into view. It is wielding a +0 scimitar.
The orc warrior shouts!
The orc shouts!
The orc hits you with a +0 trident.
* * * LOW HITPOINT WARNING * * *
Casting: Ozocubu's Armour (safe; 1% risk of failure)
Confirm with . or Enter, or press ? or * to list all spells.
Okay, then.
It was a potion of mutation.
You feel extremely strange.
You feel clever.
You feel yourself wasting away.
You feel stronger. The orc hits you with a +0 trident.
* * * LOW HITPOINT WARNING * * *
The wight hits you with a +0 flail.
* * * LOW HITPOINT WARNING * * *
You feel drained.
It was a potion of degeneration.
There was something very wrong with that liquid.
You feel weakened.
You feel dopey.
You feel clumsy. The orc closely misses you. The wight closely misses you.
It was a potion of lignification.
You turn into a tree.
Your scarf of invisibility melds into your body.
Your +0 robe of willpower melds into your body.
You feel less strong-willed.
Your roots penetrate the ground.
The orc hits you but does no damage. The wight barely misses you.
It was a potion of might.
You feel very mighty all of a sudden. The orc hits you but does no damage.
The wight hits you but does no damage.
It was a potion of invisibility.
You fade into invisibility!
The orc hits you with a +0 trident.
* * * LOW HITPOINT WARNING * * *
The wight hits you with a +0 flail!
You die...

# ##........#####.##
####.........#......#.
...+..................
####...†............#
# #
##.......##.###..#.#
##.....###.# ..
##...## #.# .# ##'##
#.###o.# #.# #.z♣oo.#
#.#########.##
##........ #
##...###### #.....#
### ##...## ..# ##..#
. #.#######.###....
#................


You could see an orc warrior (unable to see you), a wight (unable to see you)
and 2 orcs.

Vanquished Creatures
  Pikel (D:4)
  A black bear (D:4)
  An ice beast (D:5)
  A centaur (D:6)
  2 ogres
  3 lemures (D:4)
  A phantom (D:5)
  2 scorpions (D:5)
  5 hounds
  3 orc priests
  3 iguanas
  3 orc wizards
  5 adders
  A white imp (D:5)
  3 ufetubi
  2 worms
  19 orcs
  9 endoplasms
  5 giant cockroaches
  4 goblins
  7 hobgoblins
  4 jackals (D:2)
  4 quokkas
  6 ball pythons
  2 bats
  2 frilled lizards
  8 kobolds
  5 rats
112 creatures vanquished.

Vanquished Creatures (others)
  A fungus (D:1)
1 creature vanquished.

Grand Total: 113 creatures vanquished

Notes
Turn   | Place    | Note
-------+----------+-------------------------------------------
     0 | D:1      | Ashen the Demonspawn Ice Elementalist began the quest for
                  | the Orb.
     0 | D:1      | Reached XP level 1. HP: 13/13 MP: 3/3
    58 | D:1      | Found Qosaxty's General Store.
   744 | D:1      | Gained mutation: You are partially covered in molten
                  | scales. (AC +2) [demonic ancestry]
   744 | D:1      | Reached XP level 2. HP: 19/19 MP: 5/5
   791 | D:1      | Found a faded altar of an unknown god.
  1755 | D:2      | Reached XP level 3. HP: 21/25 MP: 1/6
  1852 | D:2      | Reached skill level 4 in Ice Magic
  2087 | D:2      | Reached skill level 1 in Fighting
  2479 | D:3      | Learned a level 3 spell: Frozen Ramparts
  2483 | D:3      | Learned a level 3 spell: Ozocubu's Armour
  2765 | D:3      | Gained mutation: You have sharp fingernails. [demonic
                  | ancestry]
  2765 | D:3      | Reached XP level 4. HP: 32/32 MP: 8/8
  3113 | D:3      | Found a sparkling altar of Nemelex Xobeh.
  3586 | D:4      | Noticed an ogre
  3745 | D:4      | Gained mutation: You have very sharp fingernails. [demonic
                  | ancestry]
  3745 | D:4      | Reached XP level 5. HP: 36/37 MP: 5/9
  4011 | D:4      | Noticed a black bear
  4016 | D:4      | Killed a black bear
  4017 | D:4      | Gained mutation: You are mostly covered in molten scales.
                  | (AC +3) [demonic ancestry]
  4017 | D:4      | Reached XP level 6. HP: 22/44 MP: 1/11
  4041 | D:4      | Noticed Pikel
  4287 | D:4      | Killed Pikel
  4288 | D:4      | Reached skill level 5 in Ice Magic
  4288 | D:4      | Gained mutation: You may rarely emit foul miasma when
                  | damaged in melee. [demonic ancestry]
  4288 | D:4      | Reached XP level 7. HP: 30/52 MP: 1/13
  4422 | D:4      | Found a broken altar of Ashenzari.
  5146 | D:5      | Entered Level 5 of the Dungeon
  5183 | D:5      | Gained mutation: You have claws for hands. [demonic
                  | ancestry]
  5183 | D:5      | Reached XP level 8. HP: 39/58 MP: 10/15
  5340 | D:5      | Reached skill level 5 in Spellcasting
  5349 | D:5      | Reached skill level 6 in Ice Magic
  6030 | D:5      | Found Ypsaehey's Antique Weapon Shoppe.
  6467 | D:6      | Gained mutation: Your mind is acute. (Int +4, Str/Dex -1)
                  | [potion of mutation]
  6467 | D:6      | Gained mutation: Your body sometimes deteriorates upon
                  | taking damage. [potion of mutation]
  6467 | D:6      | Gained mutation: Your muscles are strong. (Str +4, Int/Dex
                  | -1) [potion of mutation]
  6471 | D:6      | HP: 3/82 [orc/+0 trident (6)]
  6471 | D:6      | Mangled by a wight

Illustrated notes

Levels and vault maps discovered:
D:1:      lightli_iron_boxes, layout_basic, serial_shops, shop,
          dreamdust_ecumenical_altar_hidden_monk_grotto,
          chequers_serial_rivers_small_3, minmay_misc_feat_rows
D:2:      layout_loops_cross, hex_medium
D:3:      layout_loops_ring, overflow_temple_1_default
D:4:      layout_basic, ashenzari_conservatory_becter, uniq_pikel
D:5:      layout_cave_pools, serial_shops, nicolae_stop_n_shop_1
D:6:      layout_loops_corners, minmay_temple_entry_grid

Skill      XL: |  1  2  3  4  5  6  7  8 |
---------------+-------------------------+-----
Dodging        | 2 3 4 |  4.0
Stealth        | 2 3 4 |  4.3
Ice Magic      | 4 5 6 |  6.4
Fighting       | 1 2 3 4 |  4.0
Spellcasting   | 3 4 5 |  5.7

Action                   |  1- 3 |  4- 6 |  7- 9 || total
-------------------------+-------+-------+-------++-------
Melee: Quarterstaff      |    90 |    53 |    77 ||   220
       Dagger            |       |       |    31 ||    31
       Punch             |       |       |     1 ||     1
 Cast: Freeze            |    26 |    23 |     5 ||    54
       Frozen Ramparts   |       |     6 |     6 ||    12
       Ozocubu's Armour  |       |     2 |     7 ||     9
  Use: Potion            |       |       |     5 ||     5
 Stab: Sleeping          |     3 |     1 |     3 ||     7
       Distracted        |       |       |     1 ||     1
Armor: Robe              |    34 |    22 |    52 ||   108
       Skin              |       |       |     3 ||     3
Dodge: Dodged            |    74 |    38 |   115 ||   227
